TOP OF THE 1ST |
University of Minnesota Golden Gophers batting - Pitching for Mississippi State University Bulldogs : RHP Gary Gamble
|
Pitching: RHP Gary Gamble
|
|
Batting: LHB Alex Villa
|
0-0: Ball 1-0: Ground out 5-3 (Groundball, 56, EV 99.4 MPH)
|
Batting: RHB Tatsuyoshi Ikeda
|
0-0: Foul Ball, location: 2F 0-1: Ball 1-1: Foul Ball, location: 2F 1-2: Strikes out swinging
|
Batting: LHB Dick Shafer
|
0-0: Called Strike 0-1: Foul Ball, location: 2F 0-2: Strikes out swinging
|
Top of the 1st over - 0 runs, 0 hits, 0 errors, 0 left on base; University of Minnesota 0 - Mississippi State University 0 |
BOTTOM OF THE 1ST |
Mississippi State University Bulldogs batting - Pitching for University of Minnesota Golden Gophers : RHP Josh Sheets
|
Pitching: RHP Josh Sheets
|
|
Batting: RHB Freddie Kite
|
0-0: Foul Ball, location: 2F 0-1: Foul Ball, location: 2F 0-2: Ball 1-2: Strikes out swinging, 2-3 out at first.
|
Batting: LHB Vinnie Kalman
|
0-0: Ball 1-0: Swinging Strike 1-1: Ball 2-1: Ball 3-1: Foul Ball, location: 2F 3-2: Foul Ball, location: 2F 3-2: Strikes out looking
|
Batting: RHB Benito Gonzales
|
0-0: Called Strike 0-1: Called Strike 0-2: Ball 1-2: Strikes out looking
|
Bottom of the 1st over - 0 runs, 0 hits, 0 errors, 0 left on base; University of Minnesota 0 - Mississippi State University 0 |
TOP OF THE 2ND |
University of Minnesota Golden Gophers batting - Pitching for Mississippi State University Bulldogs : RHP Gary Gamble
|
Batting: RHB Ozzie Buendia
|
0-0: Swinging Strike 0-1: Foul Ball, location: 2F 0-2: Foul Ball, location: 2F 0-2: Ball 1-2: Foul Ball, location: 2F 1-2: Foul Ball, location: 2F 1-2: Ball 2-2: Strikes out swinging
|
Batting: LHB Jose Moncada
|
0-0: Called Strike 0-1: Ball 1-1: Ball 2-1: Ball 3-1: Base on Balls
|
Batting: LHB Bobby Agterberg
|
0-0: Called Strike Jose Moncada is caught stealing 2nd base 2-6 0-1: Swinging Strike 0-2: Ball 1-2: Ball 2-2: Ball 3-2: Foul Ball, location: 2F 3-2: Strikes out swinging
|
Top of the 2nd over - 0 runs, 0 hits, 0 errors, 0 left on base; University of Minnesota 0 - Mississippi State University 0 |
BOTTOM OF THE 2ND |
Mississippi State University Bulldogs batting - Pitching for University of Minnesota Golden Gophers : RHP Josh Sheets
|
Batting: LHB Danny Shanahan
|
0-0: Called Strike 0-1: Ball 1-1: SINGLE (Line Drive, 9S, EV 100.0 MPH)
|
Batting: RHB Josh Simmons
|
0-0: Ball 1-0: DOUBLE (Line Drive, 7LM, EV 93.8 MPH) Danny Shanahan to third
|
Batting: RHB Alvin Abarca
|
0-0: Ground out U3 (Groundball, 3, EV 83.1 MPH)
|
Batting: RHB Logan Strassburg
|
0-0: Ball 1-0: Foul Ball, location: 2F 1-1: Ball 2-1: Ball 3-1: Swinging Strike 3-2: SINGLE (Groundball, 34D, EV 100.6 MPH) Danny Shanahan scores Josh Simmons to third
|
Batting: RHB Eric Riley
|
0-0: Ball 1-0: Called Strike 1-1: SINGLE (Groundball, 4MD, EV 100.0 MPH) Josh Simmons scores Logan Strassburg to second
|
Batting: RHB Karl Lukasiewicz
|
0-0: Ball 1-0: Ball 2-0: Ball 3-0: Called Strike 3-1: Base on Balls Logan Strassburg to third Eric Riley to second
|
Batting: RHB Freddie Kite
|
0-0: Called Strike 0-1: Foul Ball, location: 2F 0-2: Strikes out swinging
|
Batting: LHB Vinnie Kalman
|
0-0: Foul Ball, location: 2F 0-1: Ball 1-1: Foul Ball, location: 2F 1-2: Foul Ball, location: 2F 1-2: Foul Ball, location: 2F 1-2: Strikes out looking
|
Bottom of the 2nd over - 2 runs, 4 hits, 0 errors, 3 left on base; University of Minnesota 0 - Mississippi State University 2 |
TOP OF THE 3RD |
University of Minnesota Golden Gophers batting - Pitching for Mississippi State University Bulldogs : RHP Gary Gamble
|
Batting: LHB Ivan Villegas
|
0-0: Foul Ball, location: 2F 0-1: Foul Ball, location: 2F 0-2: Ball 1-2: Strikes out swinging
|
Batting: RHB Jason Mooris
|
0-0: Ground out 1-3 (Groundball, 15S, EV 65.0 MPH)
|
Batting: RHB Josh Gifford
|
0-0: Ball 1-0: Foul Ball, location: 2F 1-1: Called Strike 1-2: Ball 2-2: Ball 3-2: Strikes out swinging
|
Top of the 3rd over - 0 runs, 0 hits, 0 errors, 0 left on base; University of Minnesota 0 - Mississippi State University 2 |
BOTTOM OF THE 3RD |
Mississippi State University Bulldogs batting - Pitching for University of Minnesota Golden Gophers : RHP Josh Sheets
|
Batting: RHB Benito Gonzales
|
0-0: SINGLE (Flyball, 78S, EV 94.4 MPH)
|
Batting: LHB Danny Shanahan
|
0-0: Called Strike 0-1: Foul Ball, location: 2F 0-2: Foul Ball, location: 2F 0-2: Fly out, F9 (Line Drive, 9S, EV 89.4 MPH)
|
Batting: RHB Josh Simmons
|
0-0: Called Strike 0-1: Ball 1-1: Foul Ball, location: 2F 1-2: Strikes out swinging
|
Batting: RHB Alvin Abarca
|
0-0: Called Strike 0-1: Called Strike 0-2: Fly out, F9 (Flyball, 9, EV 78.1 MPH)
|
Bottom of the 3rd over - 0 runs, 1 hit, 0 errors, 1 left on base; University of Minnesota 0 - Mississippi State University 2 |
TOP OF THE 4TH |
University of Minnesota Golden Gophers batting - Pitching for Mississippi State University Bulldogs : RHP Gary Gamble
|
Batting: LHB Alex Villa
|
0-0: Swinging Strike 0-1: Called Strike 0-2: Ball 1-2: Foul Ball, location: 2F 1-2: Strikes out swinging
|
Batting: RHB Tatsuyoshi Ikeda
|
0-0: Ball 1-0: Foul Ball, location: 2F 1-1: Ball 2-1: Ball 3-1: Swinging Strike 3-2: Strikes out looking
|
Batting: LHB Dick Shafer
|
0-0: Called Strike 0-1: Ball 1-1: Swinging Strike 1-2: Ball 2-2: Strikes out looking
|
Top of the 4th over - 0 runs, 0 hits, 0 errors, 0 left on base; University of Minnesota 0 - Mississippi State University 2 |
BOTTOM OF THE 4TH |
Mississippi State University Bulldogs batting - Pitching for University of Minnesota Golden Gophers : RHP Josh Sheets
|
Batting: RHB Logan Strassburg
|
0-0: Fly out, F8 (Flyball, 8RS, EV 91.2 MPH)
|
Batting: RHB Eric Riley
|
0-0: Ball 1-0: Fly out, F6 (Line Drive, 6, EV 72.5 MPH)
|
Batting: RHB Karl Lukasiewicz
|
0-0: Foul Ball, location: 2F 0-1: DOUBLE (Groundball, 5L, EV 101.9 MPH)
|
Batting: RHB Freddie Kite
|
0-0: Foul Ball, location: 2F 0-1: Ball 1-1: Ball 2-1: Foul Ball, location: 2F 2-2: Ball 3-2: Strikes out looking
|
Bottom of the 4th over - 0 runs, 1 hit, 0 errors, 1 left on base; University of Minnesota 0 - Mississippi State University 2 |
TOP OF THE 5TH |
University of Minnesota Golden Gophers batting - Pitching for Mississippi State University Bulldogs : RHP Gary Gamble
|
Batting: RHB Ozzie Buendia
|
0-0: Called Strike 0-1: Ball 1-1: Called Strike 1-2: Strikes out looking
|
Batting: LHB Jose Moncada
|
0-0: Swinging Strike 0-1: Ball 1-1: Foul Ball, location: 2F 1-2: Fly out, F7 (Flyball, 7S, EV 88.8 MPH)
|
Batting: LHB Bobby Agterberg
|
0-0: Ball 1-0: Ball 2-0: Swinging Strike 2-1: Ball 3-1: Fly out, F4 (Line Drive, 34, EV 65.6 MPH)
|
Top of the 5th over - 0 runs, 0 hits, 0 errors, 0 left on base; University of Minnesota 0 - Mississippi State University 2 |
BOTTOM OF THE 5TH |
Mississippi State University Bulldogs batting - Pitching for University of Minnesota Golden Gophers : RHP Josh Sheets
|
Batting: LHB Vinnie Kalman
|
0-0: Fly out, F8 (Line Drive, 8LS, EV 91.9 MPH)
|
Batting: RHB Benito Gonzales
|
0-0: Ball 1-0: Ball 2-0: Ball 3-0: Called Strike 3-1: Foul Ball, location: 2F 3-2: Reached on error, E8 (Flyball, 8RXD, EV 91.9 MPH)
|
Batting: LHB Danny Shanahan
|
0-0: Ball 1-0: Ball 2-0: Ball 3-0: Base on Balls
|
Batting: RHB Josh Simmons
|
0-0: Ball 1-0: Ball 2-0: Swinging Strike 2-1: Ball 3-1: Called Strike 3-2: Base on Balls Benito Gonzales to third Danny Shanahan to second
|
Pitching: RHP Enakai Moritiica
|
|
Batting: RHB Alvin Abarca
|
0-0: Foul Ball, location: 2F 0-1: Swinging Strike 0-2: Grounds into double play, 4-6-3 (Groundball, 4M, EV 100.0 MPH)
|
Bottom of the 5th over - 0 runs, 0 hits, 1 error, 2 left on base; University of Minnesota 0 - Mississippi State University 2 |
TOP OF THE 6TH |
University of Minnesota Golden Gophers batting - Pitching for Mississippi State University Bulldogs : RHP Gary Gamble
|
Batting: LHB Ivan Villegas
|
0-0: Ball 1-0: DOUBLE (Line Drive, 9LM, EV 106.2 MPH)
|
Batting: RHB Jason Mooris
|
0-0: Called Strike 0-1: Foul Ball, location: 2F 0-2: Ground out 4-3 (Groundball, 34, EV 102.5 MPH) Ivan Villegas to third
|
Batting: RHB Josh Gifford
|
0-0: Called Strike 0-1: Ball 1-1: Swinging Strike 1-2: DOUBLE (Line Drive, 9LS, EV 98.1 MPH) Ivan Villegas scores
|
Pitching: RHP Randy Richardson
|
|
Batting: LHB Alex Villa
|
0-0: Foul Ball, location: 2F 0-1: TRIPLE (Flyball, 8LXD, EV 96.2 MPH) Josh Gifford scores
|
Batting: RHB Tatsuyoshi Ikeda
|
0-0: Called Strike 0-1: Ball 1-1: Swinging Strike 1-2: Ball 2-2: Strikes out swinging
|
Batting: LHB Dick Shafer
|
0-0: Ball 1-0: Called Strike 1-1: Ball 2-1: Ground out 5-3 (Groundball, 56, EV 94.4 MPH)
|
Top of the 6th over - 2 runs, 3 hits, 0 errors, 1 left on base; University of Minnesota 2 - Mississippi State University 2 |
BOTTOM OF THE 6TH |
Mississippi State University Bulldogs batting - Pitching for University of Minnesota Golden Gophers : RHP Enakai Moritiica
|
Batting: RHB Logan Strassburg
|
0-0: Ball 1-0: Ball 2-0: Ball 3-0: Base on Balls
|
Batting: RHB Eric Riley
|
0-0: Swinging Strike 0-1: Called Strike 0-2: Foul Ball, location: 2F 0-2: Foul Ball, location: 2F 0-2: Strikes out looking
|
Batting: RHB Karl Lukasiewicz
|
0-0: Ground out 4-3 (Groundball, 4S, EV 69.4 MPH) Logan Strassburg to second
|
Batting: RHB Freddie Kite
|
0-0: Ball 1-0: Ball 2-0: Ball 3-0: Called Strike 3-1: Foul Ball, location: 2F 3-2: Base on Balls
|
Batting: LHB Vinnie Kalman
|
0-0: Ball 1-0: DOUBLE (Line Drive, 9LD, EV 106.2 MPH) Logan Strassburg scores Freddie Kite to third Runner from 3rd tries for Home, SAFE, no throw by RF
|
Batting: RHB Benito Gonzales
|
0-0: Swinging Strike 0-1: Ball 1-1: Ball 2-1: Ground out 6-3 (Groundball, 6, EV 83.1 MPH)
|
Bottom of the 6th over - 2 runs, 1 hit, 0 errors, 1 left on base; University of Minnesota 2 - Mississippi State University 4 |
TOP OF THE 7TH |
University of Minnesota Golden Gophers batting - Pitching for Mississippi State University Bulldogs : RHP Randy Richardson
|
Batting: RHB Ozzie Buendia
|
0-0: Ball 1-0: Ball 2-0: Ball 3-0: Called Strike 3-1: Ground out 6-3 (Groundball, 6MS, EV 74.4 MPH)
|
Batting: LHB Jose Moncada
|
0-0: Ball 1-0: Foul Ball, location: 2F 1-1: Swinging Strike 1-2: Ball 2-2: Strikes out swinging
|
Batting: LHB Bobby Agterberg
|
0-0: Foul Ball, location: 2F 0-1: Foul Ball, location: 2F 0-2: Ball 1-2: Ground out 5-3 (Groundball, 5S, EV 69.4 MPH)
|
Top of the 7th over - 0 runs, 0 hits, 0 errors, 0 left on base; University of Minnesota 2 - Mississippi State University 4 |
BOTTOM OF THE 7TH |
Mississippi State University Bulldogs batting - Pitching for University of Minnesota Golden Gophers : RHP Enakai Moritiica
|
Batting: LHB Danny Shanahan
|
0-0: Ball 1-0: Swinging Strike 1-1: Swinging Strike 1-2: Foul Ball, location: 2F 1-2: Strikes out swinging
|
Batting: RHB Josh Simmons
|
0-0: Foul Ball, location: 2F 0-1: Foul Ball, location: 2F 0-2: Strikes out swinging, 2-3 out at first.
|
Batting: RHB Alvin Abarca
|
0-0: Called Strike 0-1: Ball 1-1: Ball 2-1: Foul Ball, location: 2F 2-2: Strikes out swinging
|
Bottom of the 7th over - 0 runs, 0 hits, 0 errors, 0 left on base; University of Minnesota 2 - Mississippi State University 4 |
TOP OF THE 8TH |
University of Minnesota Golden Gophers batting - Pitching for Mississippi State University Bulldogs : RHP Randy Richardson
|
Batting: LHB Ivan Villegas
|
0-0: Ball 1-0: Ball 2-0: Ball 3-0: Called Strike 3-1: Called Strike 3-2: Foul Ball, location: 2F 3-2: Foul Ball, location: 2F 3-2: Ground out 4-3 (Groundball, 34D, EV 100.6 MPH)
|
Batting: RHB Jason Mooris
|
0-0: Called Strike 0-1: Foul Ball, location: 2F 0-2: Ball 1-2: Strikes out looking
|
Batting: RHB Josh Gifford
|
0-0: Ball 1-0: Ball 2-0: Called Strike 2-1: Ground out 6-3 (Groundball, 6, EV 88.8 MPH)
|
Top of the 8th over - 0 runs, 0 hits, 0 errors, 0 left on base; University of Minnesota 2 - Mississippi State University 4 |
BOTTOM OF THE 8TH |
Mississippi State University Bulldogs batting - Pitching for University of Minnesota Golden Gophers : RHP Enakai Moritiica
|
Pitching: LHP Ryan Hancock
|
|
Batting: RHB Logan Strassburg
|
0-0: Ball 1-0: Foul Ball, location: 2F 1-1: Ground out 5-3 (Groundball, 56, EV 86.9 MPH)
|
Batting: RHB Eric Riley
|
0-0: Called Strike 0-1: Ball 1-1: Swinging Strike 1-2: Foul Ball, location: 2F 1-2: Foul Ball, location: 2F 1-2: Strikes out swinging
|
Batting: RHB Karl Lukasiewicz
|
0-0: Swinging Strike 0-1: Called Strike 0-2: Ball 1-2: Strikes out swinging
|
Bottom of the 8th over - 0 runs, 0 hits, 0 errors, 0 left on base; University of Minnesota 2 - Mississippi State University 4 |
TOP OF THE 9TH |
University of Minnesota Golden Gophers batting - Pitching for Mississippi State University Bulldogs : RHP Randy Richardson
|
Pitching: RHP Chris Pearson
|
|
Now at 1B: Logan Strassburg
|
|
Now at 3B: Josh Stene
|
|
Batting: LHB Alex Villa
|
0-0: Called Strike 0-1: Ball 1-1: Reached on error, E5 (Groundball, 56S, EV 73.1 MPH)
|
Batting: RHB Tatsuyoshi Ikeda
|
0-0: Ball 1-0: Ball 2-0: Fly out, F9 (Flyball, 9LD, EV 89.4 MPH) Runner from 2nd tags up, SAFE at 3rd, no throw by RF
|
Batting: LHB Dick Shafer
|
0-0: Called Strike 0-1: Ground out 5-3 (Groundball, 56, EV 90.6 MPH) Alex Villa scores
|
Batting: RHB Ozzie Buendia
|
0-0: Ground out 6-3 (Groundball, 56, EV 103.1 MPH)
|
Top of the 9th over - 1 run, 0 hits, 1 error, 0 left on base; University of Minnesota 3 - Mississippi State University 4 |
|